 Dungeon Crawl Stone Soup version 0.31.0-4-g52a2dc7128 (webtiles) character file.

Game seed: 12591270695318662097

32 RancidPinata the Sneak (level 3, -3/26 HPs)
             Began as an Octopode Delver on Jan 22, 2024.
             Killed from afar by a white imp (11 damage)
             ... with a puff of frost
             ... on level 5 of the Dungeon.
             The game lasted 00:02:15 (165 turns).

RancidPinata the Sneak (Octopode Delver)             Turns: 165, Time: 00:02:16

Health: -3/26      AC:  1    Str: 11    XL:     3   Next: 25%
Magic:  3/3        EV: 13    Int: 12    God:
Gold:   4          SH:  0    Dex: 15    Spells: 2/2 levels left

rFire   . . .        i - +2 dagger (venom)
rCold   . . .        (no shield)
rNeg    . . .        (helmet restricted)
rPois   .            (no amulet)
rElec   .            (no ring)
rCorr   .            (no ring)
SInv    .            (no ring)
Will    .....        (no ring)
Stlth   ++++         (no ring)
HPRegen 0.24/turn    (no ring)
MPRegen 0.08/turn    (no ring)
                     (no ring)

%: no passive effects
@: no status effects
A: almost no armour, amphibious, 8 rings, camouflage 1, gelatinous body 1,
(nimble swimmer 1), tentacles
a: no special abilities


You were on level 5 of the Dungeon.
You visited 1 branch of the dungeon, and saw 2 of its levels.

You collected 4 gold pieces.

Inventory:

Hand Weapons
 i - a +2 dagger of venom (weapon)
Wands
 f - a wand of digging (3)
Scrolls
 b - a scroll of fog
 c - a scroll of revelation
 d - a scroll of fear
 g - a scroll of blinking {unknown}
Potions
 e - a potion of haste
 h - a potion of heal wounds {unknown}


   Skills:
 + Level 3.3 Fighting
 + Level 2.4 Short Blades
 + Level 2.4 Dodging
 + Level 6.9 Stealth


You had 2 spell levels left.
You didn't know any spells.
Your spell library was empty.

Dungeon Overview and Level Annotations

Branches:
Dungeon (6/15)
 Temple: D:4-7

Altars:
Uskayaw

Annotations:
D:5 3 runed translucent doors, TheBioAlchemist's ghost, novice OpSh


Innate Abilities, Weirdness & Mutations

You cannot wear most types of armour.
You are amphibious.
You can wear up to eight rings at the same time.
Your skin changes colour to match your surroundings (Stealth+).
Your rubbery body absorbs attacks. (AC +1, EV +1)
((You are camouflaged when in or above water. (Stealth+)))
You have tentacles for arms and can constrict up to eight enemies at once.


Message History

You see here a hound corpse.
h - a murky emerald potion You start resting.
HP restored.
You now have 4 gold pieces.
Found a leather armour.
You see here a +2 dagger of venom.
Found a leather armour.
Press: ? - help, . - travel You can't see that place. [a rock wall.] TheBioAlchemist's ghost turns its malevolent gaze towards you.
The adder hisses angrily.
You see here a +2 dagger of venom.
You see here a +2 dagger of venom.
i - a +2 dagger of venom TheBioAlchemist's ghost shouts, "Death is your only future!"
Your +2 dagger of venom begins to drip with poison!
i - a +2 dagger of venom (weapon)
You drop a +0 short sword.
Found 13 gold pieces.
A white imp comes into view.
An iguana comes into view.
The white imp gestures at you. The puff of frost hits you!
The white imp misses you.
You closely miss the white imp. You grab the white imp.
You squeeze the white imp, but do no damage.
You constrict the white imp, but do no damage.
The white imp closely misses you.
You hit the white imp but do no damage.
The white imp is poisoned.
You constrict the white imp, but do no damage.
The white imp gestures at you. The puff of frost hits you!
You hit the white imp.
The white imp is heavily wounded.
You constrict the white imp. The white imp gestures at you.
The puff of frost hits you!
You die...

#######..# #.#
...[..#..# #.#
s.....#... ...
#.$.....+...
#.#...#.[.....+...
..l$..#.......+...
#.##..#.......#..#
#5##..#..Y....#..#
#@##..#########..#
#.##.............#
#..#.............#
#............#####
#.############ #.#
#.# #.# #.#


You could see an iguana (asleep) and a white imp (very poisoned).

Vanquished Creatures
  A hound (D:5)
  2 orcs (D:5)
3 creatures vanquished.

Notes
Turn   | Place    | Note
-------+----------+-------------------------------------------
     0 | D:5      | RancidPinata the Octopode Delver began the quest for the
                  | Orb.
     0 | D:5      | Reached XP level 1. HP: 16/16 MP: 1/1
     3 | D:6      | Noticed an ogre
    69 | D:5      | Found a hide-covered altar of Uskayaw.
    69 | D:5      | Noticed a hound
    78 | D:5      | Killed a hound
    79 | D:5      | Reached XP level 2. HP: 16/21 MP: 2/2
    79 | D:5      | Reached XP level 3. HP: 19/26 MP: 3/3
   125 | D:5      | Found a runed translucent gate.
   125 | D:5      | Found a runed translucent gate.
   126 | D:5      | Found a runed translucent gate.
   128 | D:5      | Noticed an ice beast
   131 | D:5      | Noticed TheBioAlchemist's ghost (novice OpSh)
   147 | D:5      | Noticed a scorpion
   165 | D:5      | Killed from afar by a white imp

Illustrated notes

Levels and vault maps discovered:
D:5:      layout_basic, nicolae_uskayaw_murder_on_the_dancefloor,
          gammafunk_ghost_split
D:6:      cheibrodos_thug_alley, layout_loops_corners,
          regret_index_xom_buried_treasure, minmay_temple_entry_fiery,
          hangedman_decor_diamond_cutter, palyth_stone_intersect, uniq_maggie

Action                     || total
---------------------------++-------
  Melee: Short sword       ||     5
         Tentacles         ||     3
         Constrict         ||     2
         Dagger            ||     3
   Stab: Sleeping          ||     1
 Armour: Skin              ||     4
  Dodge: Dodged            ||     4
